 Dungeon Crawl Stone Soup version 0.16.1-11-g651b585 (webtiles) character file.

22008 Radiman the Thaumaturge (level 12, -5/72 HPs)
             Began as a Gargoyle Earth Elementalist on Mar 30, 2015.
             Was an Elder of Vehumet.
             Slain by a polar bear (6 damage)
             ... on level 4 of the Lair of Beasts.
             The game lasted 02:05:14 (19139 turns).

Radiman the Thaumaturge (GrEE)                     Turns: 19139, Time: 02:05:14

Health: -5/72      AC: 19    Str: 16    XL:     12   Next: 96%
Magic:  0/31       EV: 14    Int: 23    God:    Vehumet [****..]
Gold:   656        SH:  0    Dex: 10    Spells: 4 memorised, 21 levels left

rFire  + . .     SeeInvis .     A - +0 mace (protect)
rCold  . . .     Clarity  .     N - +0 robe
rNeg   + + .     SustAb   .     (no shield)
rPois  ∞         Gourm    .     (no helmet)
rElec  +         Spirit   .     M - +0 cloak
rCorr  .         Warding  +     (no gloves)
rMut   .         Stasis   .     z - +0 pair of boots
MR     .....                    H - amulet of warding
Stlth  +.........               F - ring of protection from fire
                                i - ring of Vihoifie {Str+3 Int+3 Stlth-}

@: not resistant to hostile enchantments, very unstealthy
A: negative energy resistance 1, electricity resistance, unbreathing,
petrification resistance, rot immunity, AC +8
a: Renounce Religion


You were on level 4 of the Lair of Beasts.
You worshipped Vehumet.
Vehumet was greatly pleased with you.
You were not hungry.

You visited 3 branches of the dungeon, and saw 15 of its levels.

You collected 656 gold pieces.

Inventory:

Hand weapons
 a - a +4 mace
 t - a +2 dire flail of venom
 A - a +0 mace of protection (weapon)
 I - a +1 whip of freezing
 R - a +1 flail of crushing
Missiles
 b - 527 stones (quivered)
Armour
 z - a +0 pair of boots (worn)
 M - a +0 cloak (worn)
 N - a +0 robe (worn)
Jewellery
 i - the ring of Vihoifie (left hand) {Str+3 Int+3 Stlth-}
   (You found it on level 5 of the Dungeon)

   [ring of loudness]

   It affects your strength (+3).
   It affects your intelligence (+3).
   It makes you less stealthy.
 k - an uncursed ring of stealth
 w - an uncursed amulet of guardian spirit
 F - a ring of protection from fire (right hand)
 H - an amulet of warding (around neck)
Magical devices
 s - a wand of teleportation (4)
Scrolls
 g - 3 scrolls of teleportation
 n - 6 scrolls of remove curse
 o - a scroll of blinking {unknown}
 p - a scroll of enchant armour
 r - 6 scrolls of fear
 u - 2 scrolls of recharging
 x - 2 scrolls of immolation {unknown}
 y - 2 scrolls of enchant weapon {unknown}
 B - 2 scrolls of vulnerability {unknown}
 D - a scroll of magic mapping {unknown}
 P - a scroll of acquirement {unknown}
Potions
 j - 2 potions of cure mutation
 l - a potion of magic
 m - a potion of flight
 q - a potion of restore abilities
 v - 2 potions of brilliance
 G - a potion of might
 K - 2 potions of berserk rage
 L - a potion of agility
Books
 d - a book of Geomancy

   Spells                             Type                      Level
   a - Sandblast                      Earth                        1
   b - Stoneskin                      Transmutation/Earth          2
   c - Passwall                       Transmutation/Earth          3
   d - Stone Arrow                    Conjuration/Earth            3
   e - Petrify                        Transmutation/Earth          4
   f - Lee's Rapid Deconstruction     Earth                        5
 f - a Grand Grimoire {highlevel, unknown}

   This book is beyond your current level of understanding.

   Spells                             Type                      Level
   a - Aura of Abjuration             Summoning                    6
   b - Summon Greater Demon           Summoning                    7
   c - Malign Gateway                 Summoning/Translocation      7
   d - Summon Horrible Things         Summoning                    8
Miscellaneous
 e - a stone of tremors
Comestibles
 c - 9 meat rations
 h - a slice of pizza
 E - 6 beef jerkies
 Q - a royal jelly


   Skills:
 + Level 7.2 Fighting
 + Level 6.7 Maces & Flails
 + Level 7.1 Armour
 + Level 5.7 Dodging
 - Level 2.1 Stealth
 * Level 10.7 Spellcasting
 + Level 7.7 Conjurations
 - Level 0.7 Transmutations
 + Level 10.1 Earth Magic
 + Level 5.8 Evocations


You had 21 spell levels left.
You knew the following spells:

 Your Spells              Type           Power        Failure   Level  Hunger
a - Sandblast             Erth           ######       1%          1    None
b - Stoneskin             Trmt/Erth      #####...     1%          2    None
c - Stone Arrow           Conj/Erth      ######       1%          3    None
d - Lee's Rapid Deconstr  Erth           ######....   1%          5    ####...


Dungeon Overview and Level Annotations

Branches:
Dungeon (10/15)            Temple (1/1) D:7            Lair (4/8) D:9
 Shoals (0/5) Lair:4
  Snake: Lair:3-6    Spider: Lair:3-6       Orc: D:9-12

Altars:
Ashenzari
Cheibriados
Dithmenos
Elyvilon
Fedhas
Gozag
Kikubaaqudgha
Makhleb
Nemelex Xobeh
Okawaru
Qazlal
Ru
Sif Muna
Trog
Vehumet
Xom
Yredelemnul
Zin
The Shining One

Shops:
D:4 *   D:6 }

Annotations:
D:2 Jessica


Innate Abilities, Weirdness & Mutations

You are resistant to torment.
You are immune to poison.
Your stone body is very resilient (AC +8).
You resist negative energy.
You are resistant to electric shocks.
You can survive without breathing.
You are immune to petrification.
You are immune to rotting.


Message History

The polar bear barely misses you.
You closely miss the polar bear.
The polar bear is almost dead.
The polar bear bites you!!
* * * LOW HITPOINT WARNING * * *
The polar bear barely misses you. x2
The polar bear bites you but does no damage.
The polar bear claws you but does no damage.
The polar bear barely misses you.
Casting: Sandblast
Confirm with . or Enter, or press ? or * to list all spells.
Aiming: Sandblast
Press: ? - help, Shift-Dir - straight line, f/p - polar bear
Aim: a polar bear (almost dead, berserk, fast, unusually strong)
The blast of sand hits the polar bear.
The polar bear is almost dead.
The polar bear closely misses you.
The polar bear claws you but does no damage. x2
The polar bear bites you.
You die...

......................^..#.#
............##..............
...........................
...............PP..........
...........#...#...........
#...######.#...#...........
#..#..#.#.###..............
#.........h.............P#.
###.......@....#........##.
#.....................#..
#...........P#........#..
#....#...#..P#...........
#....######P.........(.##
#...# ............## ....
#...#........# [..
#..##........ #..##.......


You could see a polar bear (berserk).

Vanquished Creatures
  A hydra (Lair:4)
  Pikel (D:6)
  A griffon (Lair:4)
  A manticore (Lair:4)
  Joseph (D:9)
  6 elephants
  A black mamba (Lair:2)
  11 spiny frogs
  5 komodo dragons
  2 fire drakes
  4 blink frogs (Lair:4)
  Grinder (D:6)
  A two-headed ogre (D:9)
  2 wyverns
  15 yaks
  4 hippogriffs
  3 wargs
  12 wolves
  Edmund (D:6)
  7 water moccasins
  A necrophage (D:6)
  5 porcupines
  A phantom (D:7)
  8 ice beasts (Lair:4)
  2 slaves (D:6)
  3 ogres
  3 black bears
  5 centaurs
  A sky beast (D:5)
  An orc warrior (D:8)
  6 crocodiles
  9 giant frogs
  A water moccasin skeleton (D:9)
  3 scorpions
  3 killer bees (D:7)
  2 electric eels (Lair:1)
  4 wights (D:8)
  4 crimson imps
  3 goliath beetles (D:6)
  A centaur zombie (D:7)
  A jelly (D:7)
  6 orc priests
  A giant frog skeleton (D:7)
  4 hounds
  10 worker ants
  7 iguanas
  7 orc wizards
  8 sheep (Lair:1)
  Ijyb (D:7)
  A hound skeleton (D:9)
  3 hound zombies
  10 adders
  A gnoll (D:1)
  8 river rats (Lair:2)
  4 shadow imps
  4 worms
  5 giant geckos
  33 orcs
  2 ball pythons
  15 bats
  2 bat skeletons
  A bat zombie (D:7)
  12 goblins
  11 hobgoblins
  23 jackals
  9 quokkas
  2 giant cockroaches
  8 giant newts
  A giant spore (D:9)
  A jackal skeleton (D:4)
  17 kobolds
  10 rats
  A fungus (Lair:2)
375 creatures vanquished.

Notes
Turn   | Place    | Note
--------------------------------------------------------------
     0 | D:1      | Radiman, the Gargoyle Earth Elementalist, began the quest for the Orb.
     0 | D:1      | Reached XP level 1. HP: 10/10 MP: 3/3
   346 | D:1      | Reached XP level 2. HP: 12/15 MP: 1/5
   600 | D:1      | Reached skill level 4 in Earth Magic
   742 | D:1      | Reached XP level 3. HP: 19/19 MP: 1/7
   899 | D:1      | Found a glowing golden altar of the Shining One.
  1187 | D:2      | Found a shattered altar of Ashenzari.
  1278 | D:2      | Reached XP level 4. HP: 18/24 MP: 0/9
  1516 | D:2      | Noticed Jessica
  2905 | D:3      | Reached skill level 5 in Earth Magic
  2905 | D:3      | Reached XP level 5. HP: 17/28 MP: 5/13
  3458 | D:4      | Reached XP level 6. HP: 16/32 MP: 6/16
  3585 | D:4      | Learned a level 2 spell: Stoneskin
  3589 | D:4      | Learned a level 3 spell: Stone Arrow
  3822 | D:4      | Found Theokh's Assorted Antiques.
  4297 | D:4      | Reached skill level 5 in Spellcasting
  4491 | D:4      | Found a sparkling altar of Nemelex Xobeh.
  5003 | D:5      | Entered Level 5 of the Dungeon
  5234 | D:5      | Reached skill level 1 in Conjurations
  5365 | D:5      | Reached skill level 6 in Earth Magic
  5566 | D:5      | Reached XP level 7. HP: 34/36 MP: 11/19
  6095 | D:5      | Got a twitching wooden ring
  6154 | D:5      | Identified the ring of Vihoifie {Str+3 Int+3 Stlth-} (You found it on level 5 of the Dungeon)
  6180 | D:6      | Learned a level 5 spell: Lee's Rapid Deconstruction
  6445 | D:6      | Found Mnozxat's Gadget Shoppe.
  6574 | D:6      | Reached skill level 1 in Fighting
  6574 | D:6      | Reached skill level 1 in Maces & Flails
  6719 | D:6      | Reached skill level 1 in Armour
  6719 | D:6      | Reached XP level 8. HP: 29/43 MP: 10/21
  6994 | D:6      | Noticed Grinder
  7004 | D:6      | Noticed Pikel
  7774 | D:7      | Reached skill level 7 in Earth Magic
  8002 | D:7      | Noticed Ijyb
  8015 | D:7      | Killed Ijyb
  8039 | D:7      | Reached skill level 1 in Evocations
  8243 | D:7      | Found a staircase to the Ecumenical Temple.
  8288 | Temple   | Entered the Ecumenical Temple
  8328 | Temple   | Became a worshipper of Vehumet
  8443 | D:7      | Reached XP level 9. HP: 48/50 MP: 1/24
  8906 | D:6      | Killed Grinder
  9093 | D:6      | Killed Pikel
  9410 | D:6      | Noticed Edmund
  9417 | D:6      | Killed Edmund
  9441 | D:6      | Acquired Vehumet's first power
  9441 | D:6      | Offered knowledge of Magic Dart by Vehumet.
  9908 | D:8      | HP: 1/52 [wyvern (10)]
 10254 | D:8      | Reached XP level 10. HP: 57/57 MP: 12/25
 10612 | D:8      | Reached skill level 8 in Spellcasting
 10920 | D:8      | Offered knowledge of Shock by Vehumet.
 11472 | D:9      | Noticed Joseph
 11521 | D:9      | Reached skill level 5 in Conjurations
 11737 | D:9      | Found a staircase to the Lair.
 12097 | D:9      | Killed Joseph
 12589 | D:10     | Entered Level 10 of the Dungeon
 12656 | Lair:1   | Entered Level 1 of the Lair of Beasts
 12678 | Lair:1   | Reached skill level 5 in Fighting
 12928 | Lair:1   | Offered knowledge of Mephitic Cloud by Vehumet.
 12928 | Lair:1   | Reached skill level 5 in Armour
 13329 | Lair:1   | Reached XP level 11. HP: 64/64 MP: 21/28
 13638 | Lair:1   | Reached skill level 5 in Maces & Flails
 13653 | Lair:1   | Reached skill level 9 in Spellcasting
 13663 | Lair:1   | Acquired Vehumet's second power
 14686 | Lair:2   | Offered knowledge of Force Lance by Vehumet.
 15582 | Lair:2   | Reached skill level 5 in Dodging
 15950 | Lair:1   | Reached XP level 12. HP: 54/70 MP: 19/30
 16064 | Lair:2   | Reached skill level 5 in Evocations
 16842 | Lair:3   | Reached skill level 10 in Spellcasting
 16853 | Lair:3   | Acquired Vehumet's third power
 17216 | Lair:3   | Offered knowledge of Airstrike by Vehumet.
 18436 | Lair:4   | Found a staircase to the Shoals.
 18473 | Lair:4   | Reached skill level 10 in Earth Magic
 18890 | Lair:4   | Noticed a seven-headed hydra
 18904 | Lair:4   | Killed a seven-headed hydra
 19137 | Lair:4   | HP: 1/72 [polar bear (22)]
 19139 | Lair:4   | Slain by a polar bear

Action                   |  1- 3 |  4- 6 |  7- 9 | 10-12 || total
-------------------------+-------+-------+-------+-------++-------
Melee: Unarmed           |    17 |       |       |       ||    17
       Whip              |    23 |    71 |       |       ||    94
       Mace              |       |       |    81 |   133 ||   214
 Cast: Sandblast         |    66 |   233 |   119 |    22 ||   440
       Stone Arrow       |       |       |   134 |   443 ||   577
  Use: Scroll            |       |    10 |     6 |     6 ||    22
       Potion            |       |       |     5 |     2 ||     7
  Eat: Beef jerky        |     1 |       |       |     1 ||     2
       Bread ration      |       |     2 |     3 |     1 ||     6
       Fruit             |       |     5 |       |     3 ||     8
       Meat ration       |       |       |     1 |       ||     1
       Chunk             |       |       |       |    15 ||    15
